[ AOE2 MATCH · #495273977 ]
UnrankedBritons vs Bulgarians
Player's team · LOSS
[ REPLAY ANALYSIS · EXTRACTED FROM THE RECORDED GAME ]
Feudal
9:40
Castle
16:36
Imperial
—
| APM avg | 55.0 |
| APM peak | 93 |
| eAPM avg | 26.3 |
| Villagers / military | 76 / 107 |
Focus
⚔️ 52.7% · 🌾 47.3%
Archer ×91 · Mangonel ×9 · Monk ×3 · Battering Ram ×2 · Scorpion ×1 · Skirmisher ×1
Feudal
9:43
Castle
19:54
Imperial
—
| APM avg | 58.6 |
| APM peak | 96 |
| eAPM avg | 28.6 |
| Villagers / military | 175 / 106 |
Focus
⚔️ 44.5% · 🌾 55.5%
Knight ×39 · Scout Cavalry ×33 · Skirmisher ×24 · Militia ×8 · Monk ×1 · Spearman ×1
Match map
Initial resources + every placement click. Lines = walls · curves = elevation contours. ◆ gold · ⬟ stone · ● berries · ✦ relic · ◌ wall gap
Your base· Open — 3t gap
OS+ | TheKroks's base· Open — 4t gap
Smoothed initial terrain · ◌ = detected wall gap · hover for details
Inputs per minute
— buddybadi - - OS+ | TheKroks
Build order — buddybadi
First 150 of 272 actions detected
| 0:00 | Queue | Villager (Male) |
| 0:01 | Queue | Villager (Male) |
| 0:01 | Queue | Villager (Male) |
| 0:02 | Build | House |
| 0:03 | Build | House |
| 0:24 | Queue | Villager (Male) |
| 1:21 | Queue | Villager (Male) |
| 1:40 | Queue | Villager (Male) |
| 1:43 | Build | Lumber Camp |
| 2:03 | Queue | Villager (Male) |
| 2:38 | Queue | Villager (Male) |
| 3:17 | Queue | Villager (Male) |
| 3:20 | Build | House |
| 3:45 | Queue | Villager (Male) |
| 4:00 | Queue | Villager (Male) |
| 4:03 | Build | Mining Camp |
| 4:30 | Queue | Villager (Male) |
| 4:48 | Queue | Villager (Male) |
| 5:20 | Queue | Villager (Male) |
| 5:39 | Queue | Villager (Male) |
| 5:54 | Build | House |
| 6:06 | Queue | Villager (Male) |
| 6:34 | Queue | Villager (Male) |
| 6:42 | Build | Palisade Wall |
| 6:44 | Build | Palisade Wall |
| 6:55 | Research | Loom |
| 6:55 | Research | Feudal Age |
| 7:10 | Build | Mill |
| 7:41 | Build | Palisade Wall |
| 7:58 | Build | Palisade Wall |
| 8:00 | Build | Palisade Wall |
| 8:01 | Build | Palisade Wall |
| 8:26 | Queue | Villager (Male) |
| 8:31 | Build | Palisade Wall |
| 8:59 | Build | Barracks |
| 9:14 | Build | Palisade Gate |
| 9:17 | Build | House |
| 9:40 | Age | Feudal Age |
| 9:51 | Queue | Villager (Male) |
| 9:53 | Research | Double-Bit Axe |
| 10:14 | Queue | Villager (Male) |
| 10:23 | Build | House |
| 10:39 | Build | House |
| 10:40 | Queue | Villager (Male) |
| 10:51 | Build | Archery Range |
| 11:05 | Queue | Villager (Male) |
| 11:29 | Build | Watch Tower |
| 11:33 | Queue | Villager (Male) |
| 11:45 | Queue | Archer |
| 11:53 | Build | House |
| 11:54 | Build | House |
| 11:56 | Queue | Villager (Male) |
| 12:14 | Queue | Archer |
| 12:23 | Queue | Villager (Male) |
| 12:25 | Queue | Archer |
| 12:29 | Build | Farm |
| 12:30 | Build | Farm |
| 12:55 | Queue | Villager (Male) |
| 12:56 | Queue | Archer |
| 13:13 | Build | House |
| 13:21 | Queue | Villager (Male) |
| 13:28 | Build | Blacksmith |
| 13:42 | Build | House |
| 13:48 | Queue | Villager (Male) |
| 13:50 | Build | Farm |
| 13:56 | Research | Castle Age |
| 14:04 | Queue | Archer |
| 14:19 | Build | Farm |
| 14:22 | Queue | Archer |
| 14:43 | Build | Farm |
| 14:45 | Build | Farm |
| 15:08 | Research | Fletching |
| 15:09 | Queue | Skirmisher |
| 15:13 | Build | House |
| 15:15 | Build | House |
| 15:21 | Queue | Villager (Male) |
| 15:30 | Queue | Archer |
| 16:01 | Build | Archery Range |
| 16:07 | Queue | Archer |
| 16:33 | Queue | Archer |
| 16:36 | Age | Castle Age |
| 16:43 | Research | Bodkin Arrow |
| 16:48 | Queue | Villager (Male) |
| 16:51 | Build | Siege Workshop |
| 17:04 | Build | House |
| 17:06 | Build | House |
| 17:28 | Build | Farm |
| 17:44 | Queue | Mangonel |
| 18:30 | Queue | Archer |
| 18:30 | Queue | Archer |
| 18:32 | Queue | Villager (Male) |
| 18:38 | Queue | Archer |
| 18:44 | Build | Farm |
| 18:44 | Build | Farm |
| 18:59 | Queue | Archer |
| 19:01 | Queue | Villager (Male) |
| 19:02 | Build | Market |
| 19:27 | Queue | Villager (Male) |
| 19:28 | Queue | Villager (Male) |
| 19:31 | Queue | Scorpion |
| 19:36 | Queue | Villager (Male) |
| 19:55 | Queue | Archer |
| 19:55 | Queue | Archer |
| 20:07 | Queue | Villager (Male) |
| 20:13 | Research | Crossbowman (upgrade) |
| 20:17 | Build | House |
| 20:20 | Build | Archery Range |
| 20:22 | Build | House |
| 20:22 | Build | House |
| 20:23 | Build | House |
| 20:23 | Build | House |
| 20:59 | Queue | Archer |
| 21:00 | Queue | Archer |
| 21:00 | Queue | Archer |
| 21:01 | Queue | Villager (Male) |
| 21:01 | Research | Bow Saw |
| 21:12 | Queue | Archer |
| 21:13 | Research | Padded Archer Armor |
| 21:14 | Research | Padded Archer Armor |
| 21:15 | Queue | Villager (Male) |
| 21:26 | Build | Mining Camp |
| 21:32 | Queue | Archer |
| 21:33 | Queue | Archer |
| 21:44 | Queue | Villager (Male) |
| 21:51 | Queue | Archer |
| 21:51 | Queue | Archer |
| 22:03 | Queue | Villager (Male) |
| 22:12 | Queue | Archer |
| 22:37 | Queue | Villager (Male) |
| 22:37 | Queue | Villager (Male) |
| 22:46 | Queue | Archer |
| 22:46 | Queue | Archer |
| 22:52 | Queue | Archer |
| 22:53 | Queue | Archer |
| 22:54 | Queue | Villager (Male) |
| 23:06 | Queue | Mangonel |
| 23:32 | Queue | Archer |
| 23:36 | Queue | Villager (Male) |
| 23:38 | Build | Mill |
| 23:45 | Queue | Archer |
| 24:00 | Queue | Villager (Male) |
| 24:01 | Queue | Villager (Male) |
| 24:03 | Build | House |
| 24:05 | Build | House |
| 24:15 | Queue | Archer |
| 24:15 | Queue | Archer |
| 24:20 | Build | Palisade Gate |
| 24:32 | Build | Palisade Wall |
| 24:38 | Queue | Archer |
| 24:38 | Queue | Archer |
Build order — OS+ | TheKroks
First 150 of 422 actions detected
| 0:00 | Queue | Villager (Male) |
| 0:02 | Build | House |
| 0:02 | Queue | Villager (Male) |
| 0:03 | Queue | Villager (Male) |
| 0:05 | Build | House |
| 0:06 | Queue | Villager (Male) |
| 0:45 | Build | Lumber Camp |
| 1:33 | Queue | Villager (Male) |
| 1:34 | Queue | Villager (Male) |
| 2:04 | Queue | Villager (Male) |
| 2:18 | Queue | Villager (Male) |
| 2:48 | Queue | Villager (Male) |
| 2:48 | Queue | Villager (Male) |
| 3:16 | Queue | Villager (Male) |
| 3:17 | Queue | Villager (Male) |
| 3:36 | Build | House |
| 3:40 | Queue | Villager (Male) |
| 3:40 | Queue | Villager (Male) |
| 4:05 | Queue | Villager (Male) |
| 4:06 | Queue | Villager (Male) |
| 4:36 | Queue | Villager (Male) |
| 4:39 | Build | Barracks |
| 4:40 | Queue | Villager (Male) |
| 4:51 | Build | House |
| 5:25 | Queue | Villager (Male) |
| 5:25 | Queue | Villager (Male) |
| 5:46 | Queue | Villager (Male) |
| 5:59 | Build | House |
| 6:03 | Queue | Villager (Male) |
| 6:04 | Queue | Villager (Male) |
| 6:04 | Queue | Villager (Male) |
| 6:19 | Queue | Villager (Male) |
| 6:37 | Queue | Villager (Male) |
| 6:37 | Queue | Villager (Male) |
| 6:37 | Queue | Villager (Male) |
| 6:39 | Queue | Villager (Male) |
| 6:45 | Queue | Villager (Male) |
| 6:54 | Build | Mining Camp |
| 7:08 | Research | Loom |
| 7:22 | Queue | Militia |
| 7:22 | Queue | Militia |
| 7:26 | Research | Feudal Age |
| 7:32 | Queue | Militia |
| 7:32 | Queue | Militia |
| 7:49 | Queue | Militia |
| 8:13 | Queue | Militia |
| 8:55 | Build | Lumber Camp |
| 9:09 | Queue | Militia |
| 9:21 | Build | Mill |
| 9:37 | Queue | Villager (Male) |
| 9:38 | Queue | Villager (Male) |
| 9:43 | Age | Feudal Age |
| 9:52 | Build | Archery Range |
| 9:53 | Research | Double-Bit Axe |
| 9:57 | Build | House |
| 9:58 | Queue | Villager (Male) |
| 10:16 | Queue | Militia |
| 10:34 | Queue | Villager (Male) |
| 10:44 | Research | Horse Collar |
| 10:47 | Build | Farm |
| 10:59 | Build | House |
| 11:03 | Build | Farm |
| 11:14 | Queue | Skirmisher |
| 11:23 | Queue | Villager (Male) |
| 11:26 | Build | Farm |
| 11:27 | Build | Farm |
| 11:40 | Queue | Villager (Male) |
| 11:48 | Queue | Skirmisher |
| 11:54 | Queue | Villager (Male) |
| 12:02 | Build | Farm |
| 12:09 | Build | Farm |
| 12:22 | Queue | Skirmisher |
| 12:23 | Queue | Villager (Male) |
| 12:41 | Queue | Villager (Male) |
| 12:44 | Build | Blacksmith |
| 12:58 | Queue | Skirmisher |
| 13:03 | Queue | Villager (Male) |
| 13:06 | Build | Farm |
| 13:09 | Build | Farm |
| 13:13 | Build | House |
| 13:22 | Queue | Skirmisher |
| 13:28 | Queue | Villager (Male) |
| 13:35 | Build | Farm |
| 13:43 | Research | Fletching |
| 13:45 | Build | House |
| 13:49 | Queue | Skirmisher |
| 14:06 | Queue | Skirmisher |
| 14:08 | Queue | Villager (Male) |
| 14:10 | Build | Farm |
| 14:12 | Build | Farm |
| 14:15 | Build | Farm |
| 14:16 | Queue | Villager (Male) |
| 14:20 | Research | Padded Archer Armor |
| 14:35 | Queue | Villager (Male) |
| 14:58 | Queue | Villager (Male) |
| 15:04 | Queue | Villager (Male) |
| 15:06 | Build | Farm |
| 15:06 | Build | Farm |
| 15:07 | Build | Farm |
| 15:07 | Build | Farm |
| 15:09 | Build | Farm |
| 15:42 | Build | Market |
| 15:49 | Build | House |
| 16:03 | Queue | Skirmisher |
| 16:11 | Queue | Villager (Male) |
| 16:20 | Build | Farm |
| 16:30 | Queue | Villager (Male) |
| 17:03 | Queue | Villager (Male) |
| 17:14 | Research | Castle Age |
| 17:31 | Queue | Skirmisher |
| 17:57 | Queue | Skirmisher |
| 18:15 | Queue | Skirmisher |
| 18:19 | Queue | Spearman |
| 18:42 | Build | Stable |
| 18:44 | Queue | Skirmisher |
| 18:46 | Research | Scale Barding Armor |
| 18:47 | Research | Forging |
| 19:34 | Queue | Villager (Male) |
| 19:35 | Queue | Skirmisher |
| 19:54 | Age | Castle Age |
| 19:56 | Research | Bow Saw |
| 20:10 | Build | Town Center |
| 20:11 | Research | Bloodlines |
| 20:12 | Research | Husbandry |
| 20:17 | Research | Heavy Plow |
| 20:19 | Queue | Villager (Male) |
| 20:46 | Research | Wheelbarrow |
| 20:49 | Queue | Knight |
| 20:57 | Research | Bodkin Arrow |
| 21:17 | Queue | Villager (Male) |
| 21:21 | Research | Elite Skirmisher (upgrade) |
| 21:22 | Queue | Villager (Male) |
| 21:23 | Queue | Villager (Male) |
| 21:57 | Research | Gold Mining |
| 22:00 | Queue | Villager (Male) |
| 22:04 | Queue | Skirmisher |
| 22:05 | Queue | Villager (Male) |
| 22:44 | Queue | Knight |
| 22:48 | Queue | Villager (Male) |
| 22:50 | Queue | Villager (Male) |
| 22:50 | Queue | Villager (Male) |
| 22:51 | Queue | Villager (Male) |
| 22:52 | Queue | Villager (Male) |
| 22:57 | Queue | Villager (Male) |
| 22:57 | Queue | Villager (Male) |
| 22:57 | Queue | Villager (Male) |
| 23:01 | Build | Town Center |
| 23:06 | Queue | Knight |
| 23:21 | Build | Town Center |
| 23:22 | Queue | Villager (Male) |
Match timeline
| 4:39 | OS+ | TheKroks · first_building Barracks |
| 6:42 | buddybadi · wall_segment Palisade Wall x1 |
| 6:44 | buddybadi · wall_segment Palisade Wall x1 |
| 7:41 | buddybadi · wall_segment Palisade Wall x1 |
| 7:58 | buddybadi · wall_segment Palisade Wall x1 |
| 8:00 | buddybadi · wall_segment Palisade Wall x3 |
| 8:01 | buddybadi · wall_segment Palisade Wall x1 |
| 8:31 | buddybadi · wall_segment Palisade Wall x1 |
| 8:59 | buddybadi · first_building Barracks |
| 9:40 | buddybadi · age_up feudal |
| 9:43 | OS+ | TheKroks · age_up feudal |
| 9:52 | OS+ | TheKroks · first_building Archery Range |
| 10:51 | buddybadi · first_building Archery Range |
| 16:36 | buddybadi · age_up castle |
| 16:51 | buddybadi · first_building Siege Workshop |
| 17:13 | OS+ | TheKroks · first_market_sell 500 wood |
| 17:13 | OS+ | TheKroks · first_market_buy 100 food |
| 18:42 | OS+ | TheKroks · first_building Stable |
| 19:54 | OS+ | TheKroks · age_up castle |
| 20:10 | buddybadi · first_market_sell 100 wood |
| 24:32 | buddybadi · wall_segment Palisade Wall x2 |
| 24:49 | buddybadi · first_market_buy 100 wood |
| 29:57 | buddybadi · first_building Monastery |
| 31:47 | OS+ | TheKroks · first_building Krepost |
| 33:20 | OS+ | TheKroks · first_building Monastery |
| 36:27 | buddybadi · resign |
[ AI ANALYSIS · 1 CREDIT ]
What really happened in this match?
Wolo.gg analyzes every decision: build order, eco, micro, common mistakes by bracket. Personalized analysis on WhatsApp or Discord in 30 seconds.
Civ guide
Britons
Perfil
Jugador #14765886